 Dungeon Crawl Stone Soup version 0.22.1-1-ga44c0e5 (webtiles) character file.

825 Fang the Chopper (level 7, -1/44 HPs)
             Began as a Gargoyle Berserker on Oct 3, 2018.
             Was a Priest of Trog.
             Splashed by a jelly's acid (5 damage)
             ... on level 4 of the Dungeon.
             The game lasted 00:05:16 (3518 turns).

Fang the Chopper (Gargoyle Berserker)               Turns: 3518, Time: 00:05:17

Health: -1/44      AC: -7    Str: 23    XL:     7   Next: 96%
Magic:  7/7        EV: 15    Int: 11    God:    Trog [***...]
Gold:   161        SH:  3    Dex:  9    Spells: 6/6 levels left

rFire    . . .     SeeInvis .   a - +0 hand axe
rCold    . . .     Gourm    .   (no shield)
rNeg     + . .     Faith    .   b - +0 animal skin
rPois    ∞         Spirit   .   (no helmet)
rElec    +         Reflect  +   n - +0 cloak
rCorr    .         Harm     .   (no gloves)
MR       .....                  (no boots)
Stlth    ++........             p - +3 amulet of reflection
HPRegen  0.14/turn              h - +2 ring of evasion
MPRegen  0.10/turn              m - +4 ring of intelligence

@: corroded
A: negative energy resistance 1, electricity resistance, unbreathing,
petrification resistance, rot immunity, AC +4
a: Berserk, Trog's Hand, Renounce Religion


You were on level 4 of the Dungeon.
You worshipped Trog.
Trog was most pleased with you.
You were not hungry.

You visited 1 branch of the dungeon, and saw 4 of its levels.

You collected 161 gold pieces.

Inventory:

Hand Weapons
 a - a +0 hand axe (weapon)
Armour
 b - a +0 animal skin (worn)
 n - a +0 cloak (worn)
Jewellery
 h - a +2 ring of evasion (left hand)
 m - a +4 ring of intelligence (right hand)
 p - a +3 amulet of reflection (around neck)
Scrolls
 d - a scroll of amnesia
 j - a scroll of noise
 k - a scroll of remove curse
 s - a scroll of teleportation
Potions
 e - a potion of degeneration {unknown}
 g - a potion of agility {unknown}
 i - 4 potions of haste {unknown}
 l - a potion of ambrosia
 o - a potion of mutation {unknown}
 q - 2 potions of might {unknown}
 r - a potion of brilliance {unknown}
Comestibles
 c - 9 rations
 f - a chunk of flesh


   Skills:
 + Level 5.2 Fighting
 + Level 6.5 Axes
 + Level 2.5 Armour
 + Level 3.2 Dodging
 + Level 2.2 Stealth


You had 6 spell levels left.
You didn't know any spells.
Your spell library was empty.

Dungeon Overview and Level Annotations

Branches:
Dungeon (4/15)
 Temple: D:4-7

Altars:
Okawaru
Uskayaw


Innate Abilities, Weirdness & Mutations

You are resistant to torment.
Your stone body is resilient. (AC +4)
You are immune to poison.
You resist negative energy. (rN+)
You are resistant to electric shocks. (rElec)
You can survive without breathing.
You are immune to petrification.
You are immune to rotting.


Message History

You are too injured to fight recklessly!
You are too injured to fight recklessly!
You are too injured to fight recklessly!
You are too injured to fight recklessly!
You are too injured to fight recklessly!
You are too injured to fight recklessly!
You are too injured to fight recklessly!
You hit the jelly but do no damage. The acid corrodes you!
Your hands burn!
The jelly is almost dead.
The jelly barely misses you.
You hit the jelly but do no damage.
Your hands burn!
The jelly is almost dead.
The jelly hits you.
You are splashed with acid!
The acid burns!
* * * LOW HITPOINT WARNING * * *
You hit the jelly.
Your hands burn!
* * * LOW HITPOINT WARNING * * *
The jelly is almost dead.
The jelly misses you.
You hit the jelly but do no damage. The acid corrodes you!
Your hands burn!
You die...

....... ....#..
....#.# ######## #
...#..
......###......##.
#.......
..#.#.##.......#.#
#.......
.##.#.'.......(#.#
#.......
)##().'........#.#
#.......
.)))).'......#'#J#
#.....#.
####..##.....#.#@#
#.....#^ #
##.###....#.#.#
#....... # ###
#######.##
#.[..... # ###
#....... #
####.....## #
..........# #
..........# #
........... #
...........


You could see a jelly.

Vanquished Creatures
  Grinder (D:4)
  Edmund (D:4)
  Duvessa (D:4)
  Dowan (D:4)
  A crimson imp (D:4)
  An orc wizard (D:3)
  2 orc priests (D:3)
  A centaur skeleton (D:4)
  Natasha (thrice) (D:2)
  A worker ant (D:4)
  A hound skeleton (D:4)
  4 adders
  2 oozes (D:3)
  A worm (D:4)
  A leopard gecko (D:4)
  3 orcs
  A giant cockroach (D:2)
  16 goblins
  6 hobgoblins
  3 jackals (D:3)
  A ball python (D:2)
  7 bats
  2 frilled lizards
  12 kobolds
  A quokka skeleton (D:4)
  7 rats
81 creatures vanquished.

Vanquished Creatures (others)
  12 toadstools (D:4)
12 creatures vanquished.

Grand Total: 93 creatures vanquished

Notes
Turn   | Place    | Note
-------+----------+-------------------------------------------
     0 | D:1      | Fang the Gargoyle Berserker began the quest for the Orb.
     0 | D:1      | Reached XP level 1. HP: 14/14 MP: 1/1
   507 | D:1      | Reached XP level 2. HP: 19/19 MP: 2/2
   606 | D:1      | Reached skill level 3 in Axes
  1006 | D:2      | Noticed Natasha
  1011 | D:2      | Killed Natasha
  1011 | D:2      | Reached XP level 3. HP: 24/24 MP: 3/3
  1185 | D:2      | Reached ** piety under Trog
  1573 | D:2      | Noticed Natasha
  1582 | D:2      | Killed Natasha
  1582 | D:2      | Reached XP level 4. HP: 18/29 MP: 4/4
  1774 | D:2      | Noticed Natasha
  1783 | D:2      | Killed Natasha
  2252 | D:3      | Reached skill level 4 in Axes
  2319 | D:3      | Reached XP level 5. HP: 16/33 MP: 5/5
  2524 | D:3      | Reached skill level 1 in Stealth
  2547 | D:3      | Reached XP level 6. HP: 39/39 MP: 6/6
  2662 | D:3      | Found a hide-covered altar of Uskayaw.
  2992 | D:4      | Noticed Grinder
  3006 | D:4      | Killed Grinder
  3006 | D:4      | Reached skill level 5 in Axes
  3006 | D:4      | Reached XP level 7. HP: 44/44 MP: 7/7
  3132 | D:4      | Found an iron altar of Okawaru.
  3147 | D:4      | Noticed Duvessa
  3147 | D:4      | Noticed Dowan
  3152 | D:4      | Killed Dowan
  3161 | D:4      | Killed Duvessa
  3161 | D:4      | Reached *** piety under Trog
  3291 | D:4      | Reached skill level 6 in Axes
  3347 | D:4      | Noticed Edmund
  3375 | D:4      | Killed Edmund
  3375 | D:4      | Reached skill level 5 in Fighting
  3518 | D:4      | Splashed by a jelly's acid

Skill      XL: |  1  2  3  4  5  6  7 |
---------------+----------------------+-----
Axes           | 3 4 5 6 |  6.5
Fighting       | 4 5 |  5.2
Dodging        | 2 3 |  3.2
Stealth        | 1 2 |  2.2
Armour         | |  2.5

Action                   |  1- 3 |  4- 6 |  7- 9 || total
-------------------------+-------+-------+-------++-------
Melee: Hand axe          |    68 |   114 |   118 ||   300
Invok: Berserk           |     2 |     3 |     2 ||     7
  Use: Scroll            |       |     3 |     4 ||     7
       Potion            |       |       |     1 ||     1
 Stab: Distracted        |       |       |     1 ||     1
  Eat: Chunk             |     3 |     7 |     2 ||    12
       Ration            |       |       |     1 ||     1
Armor: Animal skin       |    12 |    34 |    37 ||    83
Dodge: Dodged            |    48 |    82 |    71 ||   201
Block: Other             |       |     1 |    16 ||    17
       Reflection        |       |       |     2 ||     2
